 Dungeon Crawl Stone Soup version 0.17-a0-1077-g2cf64ac (webtiles) character file.

2945 Sixotanaka the Destroyer (level 9, -3/45 HPs)
             Began as a Deep Elf Fire Elementalist on May 17, 2015.
             Was an Initiate of Vehumet.
             Slain by a trapdoor spider (17 damage)
             ... on level 8 of the Dungeon.
             The game lasted 00:27:23 (10452 turns).

Sixotanaka the Destroyer (DEFE)                    Turns: 10452, Time: 00:27:23

Health: -3/45      AC:  3    Str:  6    XL:     9   Next: 51%
Magic:  9/18       EV: 13    Int: 27    God:    Vehumet [......]
Gold:   544        SH:  0    Dex: 15    Spells: 6 memorised, 1 level left

rFire  . . .     SeeInvis +     D - +0 rapier
rCold  . . .     Clarity  .     a - +0 robe
rNeg   . . .     SustAb   .     (no shield)
rPois  .         Gourm    .     g - +0 helmet
rElec  .         Spirit   .     (no cloak)
rCorr  .         Warding  .     (no gloves)
rMut   +         Stasis   .     (no boots)
MR     .....                    G - amulet of resist mutation
Stlth  ++........               n - +2 ring of intelligence
                                t - ring of see invisible

@: repel missiles, not resistant to hostile enchantments, unstealthy
A: clever 1
a: Renounce Religion


You were on level 8 of the Dungeon.
You worshipped Vehumet.
Vehumet was noncommittal.
You were hungry.

You visited 2 branches of the dungeon, and saw 10 of its levels.

You collected 544 gold pieces.


Innate Abilities, Weirdness & Mutations

Your mind is acute. (Int +2)


   Skills:
 - Level 2.4 Dodging
 - Level 2.4 Stealth
 - Level 5.0 Spellcasting
 + Level 11.5 Conjurations
 - Level 8.5 Fire Magic


You had one spell level left.
You knew the following spells:

 Your Spells              Type           Power        Failure   Level  Hunger
c - Sticky Flame          Conj/Fire      ######..     1%          4    ###....
d - Repel Missiles        Chrm/Air       #.....       12%         2    None
v - Fireball              Conj/Fire      ######....   3%          5    #####..
x - Throw Flame           Conj/Fire      ######       1%          2    None
y - Conjure Flame         Conj/Fire      ######..     1%          3    #......
z - Flame Tongue          Conj/Fire      #####        1%          1    None


Dungeon Overview and Level Annotations

Branches:
Dungeon (9/15)             Temple (1/1) D:7
   Lair: D:8-11         Orc: D:9-12

Altars:
Cheibriados
Dithmenos
Gozag
Kikubaaqudgha
Nemelex Xobeh
Okawaru
Qazlal
Ru
Sif Muna
Trog
Vehumet
Yredelemnul
Zin

Shops:
D:5 }   D:7 (

Annotations:
D:8 exclusion: downstairs

Inventory:

Hand weapons
 D - a +0 rapier (weapon)
Missiles
 k - 20 poisoned needles
Armour
 a - a +0 robe (worn)
 g - a +0 helmet (worn)
Magical staves
 s - an uncursed staff of cold {!a}
Jewellery
 n - a +2 ring of intelligence (right hand)
 q - an uncursed amulet of warding
 t - a ring of see invisible (left hand)
 z - an uncursed ring of teleportation
 G - an amulet of resist mutation (around neck)
 H - an uncursed ring of flight
Scrolls
 d - a scroll of magic mapping {unknown}
 l - a scroll of teleportation {unknown}
 m - 7 scrolls of remove curse {@r2}
 p - 2 scrolls of immolation {!r}
 r - a scroll of blinking {unknown}
 x - 2 scrolls of fog {unknown}
 y - a scroll of recharging {unknown}
 A - 4 scrolls of enchant armour
 B - 2 scrolls of enchant weapon {unknown}
 I - a scroll of fear {unknown}
Potions
 e - a potion of brilliance {unknown}
 f - a potion of flight
 h - a potion of haste {@q3}
 i - 2 potions of mutation {!q}
 o - a potion of agility
 u - 2 potions of curing {@q1}
Books
 b - a book of Flames
 v - a book of Air
 E - a book of Clouds
Comestibles
 c - 6 bread rations
 j - 2 slices of pizza
 w - 5 meat rations
 C - a chunk of flesh
 F - a fruit

###...........#
#....#....###.#
#.#.#....## .#
#.#.##.#.# .#
#.#.##.#.# .#
#.#.##.#.# .#
##.#.##.#.# .#
#....##.#.####.#
#...........@s.#
#...####..######
#.### ##..# #†#
#...# #####.#
#..## #.....#
#..# #.#####
#..# ..# #..#
#.# #..#


You could see a trapdoor spider (burning).


Message History

Aim: an iguana (lightly wounded)
The flame tongue hits the iguana.
Casting: Flame Tongue
Aiming: Flame Tongue
Aim: an iguana (moderately wounded)
The flame tongue hits the iguana.
You kill the iguana!
Vehumet accepts your kill.
Casting: Flame Tongue That would be overly suicidal.
Aiming: Flame Tongue
Okay, then.
Unknown command.
You see here an iguana corpse.
You butcher the iguana corpse.
C - 2 chunks of flesh (gained 1) Some of the chunks of flesh in your inventory have rotted away.
Found an escape hatch in the floor.
Found an escape hatch in the ceiling.
There is an escape hatch in the ceiling here.
An ice beast comes into view.
An ice beast is nearby!
An ice beast is nearby!
Casting: Flame Tongue
Aiming: Throw Flame
Aim: an ice beast (hasn't noticed you)
The puff of flame hits the ice beast.
The ice beast melts!
Casting: Throw Flame
Aiming: Throw Flame
Aim: an ice beast (moderately wounded)
The puff of flame hits the ice beast.
The ice beast melts!
You kill the ice beast!
Vehumet accepts your kill.
Casting: Throw Flame
Aiming: Flame Tongue
Okay, then.
Found a glowing trident.
Found 17 stones and 6 gold pieces.
Found a stone staircase leading up.
You now have 544 gold pieces (gained 6).
The trapdoor spider bites you! The trapdoor spider barely misses you.
A trapdoor spider is nearby!
Casting: Flame Tongue
Aiming: Flame Tongue
Aim: a trapdoor spider (clinging)
The flame tongue hits the trapdoor spider.
The trapdoor spider bites you.
Casting: Flame Tongue
Aiming: Sticky Flame
Aim: a trapdoor spider (lightly wounded, clinging)
The sticky flame hits the trapdoor spider.
The trapdoor spider is covered in liquid flames!
The trapdoor spider burns!
The trapdoor spider bites you!
* * * LOW HITPOINT WARNING * * *
The trapdoor spider bites you.
* * * LOW HITPOINT WARNING * * *
The trapdoor spider burns!
Casting: Sticky Flame
Aiming: Sticky Flame
Aim: a trapdoor spider (heavily wounded, covered in liquid flames, clinging)
The sticky flame hits the trapdoor spider.
The trapdoor spider is covered in liquid flames!
You are feeling hungry.
The trapdoor spider burns!
The trapdoor spider misses you. The trapdoor spider bites you!
* * * LOW HITPOINT WARNING * * *
You are lethally poisoned!
The trapdoor spider poisons you!
Drink which item? (? for menu, Esc to quit)
You feel better.
The trapdoor spider burns!
The trapdoor spider bites you!
You die...

Action                   |  1- 3 |  4- 6 |  7- 9 || total
-------------------------+-------+-------+-------++-------
Melee: Whip              |    12 |     3 |       ||    15
       Rapier            |       |       |    47 ||    47
 Cast: Flame Tongue      |    43 |   179 |   193 ||   415
       Throw Flame       |     8 |    12 |    17 ||    37
       Sticky Flame      |       |     4 |    39 ||    43
       Repel Missiles    |       |       |     1 ||     1
  Use: Scroll            |       |       |    16 ||    16
       Potion            |       |       |     5 ||     5
 Stab: Sleeping          |       |       |     3 ||     3
  Eat: Chunk             |     3 |    12 |    18 ||    33
       Beef jerky        |       |       |     1 ||     1
       Fruit             |       |       |     1 ||     1

Vault maps used:
D:1:      dpeg_arrival_solitude, minmay_vboxes
D:2:      amethyst_overflow_temple_binary, first_bread
D:3:      minmay_goblin_kobold_castle, overflow_temple_1_default,
          serial_bayou_lagoon_a
D:4:      nicolae_gozag_cash_rules_everything_around_me,
          hangedman_decor_peaks_small, uniq_eustachio, uniq_duvessa
D:5:      basic_altar, nicolae_for_you_no_charge
D:6:      kennysheep_mini, nicolae_overflow_hidden_temple
D:7:      temple_fountains, serial_shops, nicolae_shop_waterfront
D:8:      kiku_gazebo_garden_becter, lair_0_dummy, nicolae_ossuary_entry_giza
D:9:      enter_bailey_2, hangedman_little_slice_of_home
Temple:   oiseaux_autumnal_temple_12

Notes
Turn   | Place    | Note
--------------------------------------------------------------
     0 | D:1      | Sixotanaka the Deep Elf Fire Elementalist began the quest for the Orb.
     0 | D:1      | Reached XP level 1. HP: 10/10 MP: 6/6
   235 | D:1      | Reached skill level 2 in Conjurations
   244 | D:1      | Reached XP level 2. HP: 15/15 MP: 1/8
   899 | D:1      | Learned a level 2 spell: Throw Flame
   921 | D:2      | Reached skill level 3 in Conjurations
  1187 | D:2      | Reached XP level 3. HP: 19/19 MP: 4/9
  1575 | D:2      | Reached skill level 4 in Conjurations
  2031 | D:2      | Reached XP level 4. HP: 24/24 MP: 2/10
  2113 | D:2      | Found a deep blue altar of Sif Muna.
  2123 | D:2      | Found a sparkling altar of Nemelex Xobeh.
  2398 | D:3      | Reached skill level 5 in Conjurations
  2690 | D:3      | Reached XP level 5. HP: 28/28 MP: 7/11
  2837 | D:3      | Learned a level 3 spell: Conjure Flame
  2842 | D:3      | Learned a level 4 spell: Sticky Flame
  4008 | D:3      | Found a snail-covered altar of Cheibriados.
  4026 | D:3      | Reached skill level 6 in Conjurations
  4343 | D:3      | Reached skill level 4 in Spellcasting
  4368 | D:3      | Reached XP level 6. HP: 24/32 MP: 0/14
  4939 | D:3      | Noticed a big kobold
  4946 | D:3      | Killed a big kobold
  4996 | D:3      | Noticed a big kobold
  5001 | D:3      | Killed a big kobold
  5001 | D:3      | Reached skill level 5 in Spellcasting
  5001 | D:3      | Reached skill level 7 in Conjurations
  5071 | D:3      | Learned a level 5 spell: Fireball
  5326 | D:3      | Reached XP level 7. HP: 28/36 MP: 11/16
  5542 | D:4      | Found an opulent altar of Gozag.
  5604 | D:4      | Noticed Duvessa
  5615 | D:4      | Noticed Eustachio
  5617 | D:4      | Reached skill level 4 in Fire Magic
  5637 | D:4      | Killed Eustachio
  5637 | D:4      | Reached skill level 5 in Fire Magic
  6212 | D:4      | Noticed Dowan
  6231 | D:4      | Killed Duvessa
  6231 | D:4      | Reached skill level 6 in Fire Magic
  6298 | D:4      | Killed Dowan
  6561 | D:5      | Entered Level 5 of the Dungeon
  6598 | D:5      | Found Reupt's Quality Used Wands.
  6615 | D:5      | Reached skill level 7 in Fire Magic
  6615 | D:5      | Reached XP level 8. HP: 41/41 MP: 11/17
  6745 | D:5      | Found an iron altar of Okawaru.
  6986 | D:5      | Learned a level 2 spell: Repel Missiles
  7403 | D:5      | Reached skill level 8 in Fire Magic
  7692 | D:6      | Upgraded the game from 0.17-a0-1073-gf90e4d4 to 0.17-a0-1077-g2cf64ac
  8084 | D:6      | Found a basalt altar of Yredelemnul.
  8376 | D:6      | Reached skill level 8 in Conjurations
  8545 | D:6      | Found a stormy altar of Qazlal.
  8622 | D:6      | You fall through a shaft for 3 floors!
  8689 | D:9      | Gained mutation: Your mind is acute. (Int +2) [potion of beneficial mutation]
  8694 | D:9      | HP: 8/41 [crimson imp (3)]
  8831 | D:8      | Found a sand-covered staircase.
  8896 | D:8      | Reached skill level 9 in Conjurations
  9051 | D:7      | Reached XP level 9. HP: 45/45 MP: 4/18
  9173 | D:7      | Found a staircase to the Ecumenical Temple.
  9212 | D:7      | Reached skill level 10 in Conjurations
  9221 | Temple   | Entered the Ecumenical Temple
  9253 | Temple   | Became a worshipper of Vehumet
  9858 | D:7      | Reached skill level 11 in Conjurations
  9890 | D:7      | Found Munouhuh's Antique Weapon Shop.
 10218 | D:8      | Found an ancient bone altar of Kikubaaqudgha.
 10451 | D:8      | HP: 6/45 [trapdoor spider (9)]
 10452 | D:8      | Slain by a trapdoor spider

Vanquished Creatures
  A hippogriff (D:7)
  Eustachio (D:4)
  A deep elf mage (D:9)
  A water moccasin (D:7)
  Duvessa (D:4)
  An ogre (D:5)
  2 ice beasts
  2 sky beasts (D:7)
  2 necrophages
  A centaur (D:6)
  A phantom (D:7)
  2 big kobolds (D:3)
  Dowan (D:4)
  2 giant frogs (D:8)
  A water moccasin zombie (D:7)
  2 scorpions (D:4)
  A giant frog zombie (D:7)
  4 iguanas
  2 hounds
  A jelly (D:7)
  A giant frog skeleton (D:8)
  An orc priest (D:5)
  8 worker ants
  5 orc wizards
  A hound zombie (D:5)
  A mummy (D:8)
  A hound skeleton (D:8)
  12 gnolls
  8 adders
  2 shadow imps (D:6)
  2 oozes
  2 worms (D:3)
  6 giant geckos
  9 orcs
  3 bat skeletons
  4 giant cockroaches
  37 hobgoblins
  3 quokkas
  2 ball pythons (D:3)
  11 bats
  6 giant newts
  38 goblins
  9 jackals
  16 kobolds
  A kobold zombie (D:8)
  An orc zombie (D:8)
  A quokka skeleton (D:4)
  8 rats
229 creatures vanquished.
